 Dungeon Crawl Stone Soup version 0.29-a0-1023-g6ae1a4a2c7 (webtiles) character file.

Game seed: 9373502781312298800

18 Newt the Sneak (level 2, -2/22 HPs)
             Began as a Demonspawn Brigand on Aug 11, 2022.
             Hit by a boomerang thrown by a hobgoblin (5 damage)
             ... on level 1 of the Dungeon.
             The game lasted 00:01:20 (516 turns).

Newt the Sneak (Demonspawn Brigand)                  Turns: 516, Time: 00:01:20

Health: -2/22      AC:  3    Str: 11    XL:     2   Next: 48%
Magic:  2/2        EV: 11    Int: 12    God:
Gold:   46         SH:  0    Dex: 14    Spells: 1/1 levels left

rFire   . . .      SeeInvis .   a - +2 dagger
rCold   . . .      Faith    .   (no shield)
rNeg    . . .      Spirit   .   b - +0 robe
rPois   .          Reflect  .   (no helmet)
rElec   .          Harm     .   c - +0 cloak
rCorr   .          Rampage  .   (no gloves)
Will    .....                   (no boots)
Stlth   ++........              (no amulet)
HPRegen 0.07/turn               (no ring)
MPRegen 0.08/turn               (no ring)

@: no status effects
A: weakness stinger 1
a: no special abilities


You were on level 1 of the Dungeon.
You visited 1 branch of the dungeon, and saw 1 of its levels.

You collected 46 gold pieces.

Inventory:

Hand Weapons
 a - a +2 dagger (weapon)
Missiles
 d - 2 poisoned darts (quivered)
 e - 3 curare-tipped darts
Armour
 b - a +0 robe (worn)
 c - a +0 cloak (worn)
Potions
 f - a potion of degeneration {unknown}


   Skills:
 - Level 2.0 Fighting
 - Level 1.7 Short Blades
 + Level 2.9 Throwing
 - Level 0.8 Dodging
 - Level 3.6 Stealth


You had one spell level left.
You didn't know any spells.
Your spell library was empty.

Dungeon Overview and Level Annotations

Branches:
Dungeon (1/15)

Altars:


Innate Abilities, Weirdness & Mutations

You have a small tail.


Message History

You are too injured to fight recklessly!
You are too injured to fight recklessly!
You are too injured to fight recklessly!
You are too injured to fight recklessly!
You are too injured to fight recklessly!
Throw: 5 darts (poison)
Press: ? - help, Q - select action, (/) - cycle Shift-Dir - straight line, f - ball python
Aim: a ball python (severely wounded, constricting you, 57% to hit)
You throw a poisoned dart. The poisoned dart hits the ball python.
The ball python is poisoned.
The ball python is severely wounded.
The ball python bites you but does no damage.
The ball python constricts you.
You hit the ball python but do no damage.
The ball python is severely wounded.
You kill the ball python!
Unknown command.
A hobgoblin comes into view.
A hobgoblin is nearby!
You are too injured to fight recklessly!
You are too injured to fight recklessly!
Unknown command.
The hobgoblin throws a boomerang.
The boomerang hits you.
Things that are here:
a +0 dagger; a goblin corpse The hobgoblin throws a boomerang.
The boomerang hits you.
* * * LOW HITPOINT WARNING * * *
Throw: 4 darts (poison)
Press: ? - help, Q - select action, (/) - cycle Shift-Dir - straight line, f - hobgoblin
Aim: a hobgoblin, quivering boomerangs (60% to hit)
You throw a poisoned dart. The poisoned dart hits the hobgoblin.
The hobgoblin is poisoned.
Unknown command.
Throw: 3 darts (poison)
Press: ? - help, Q - select action, (/) - cycle Shift-Dir - straight line, f/p - hobgoblin
Aim: a hobgoblin, quivering boomerangs (poisoned, 60% to hit)
You throw a poisoned dart. The poisoned dart hits the hobgoblin!
The hobgoblin looks even sicker.
The hobgoblin throws a boomerang.
The boomerang hits you.
You die...

#........#.# # .#
#.(......#.###.#### ..
#.................#####.
#......#.##.###)###.###.
#........#†.............
#..(..(.(..##.###.###.##
.......).#.#...........#
#######..#...##.###.##..
#....@.#.#.#.......#.#
#........#...##.##...#
#....g.#.#.#)#...#.#.#
#....(##...#...#...#..
#.....##.#.#.#...#.#.#
#.....#..#...##.##...#
#.....##.#.#(......#.#
#.....# ..##.###.##.. #.
.. .....#


You could see a hobgoblin (very poisoned).

Vanquished Creatures
  3 ball pythons (D:1)
  A giant cockroach (D:1)
  2 goblins (D:1)
  2 hobgoblins (D:1)
  5 bats (D:1)
  3 frilled lizards (D:1)
  A rat (D:1)
17 creatures vanquished.

Notes
Turn   | Place    | Note
-------+----------+-------------------------------------------
     0 | D:1      | Newt the Demonspawn Brigand began the quest for the Orb.
     0 | D:1      | Reached XP level 1. HP: 16/16 MP: 1/1
   466 | D:1      | Discovered your monstrous ancestry.
   466 | D:1      | Gained mutation: You have a small tail. [demonic ancestry]
   466 | D:1      | Reached XP level 2. HP: 13/22 MP: 2/2
   516 | D:1      | Hit by a boomerang thrown by a hobgoblin

Illustrated notes

Levels and vault maps discovered:
D:1:      lemuel_arrival_broad_hall, layout_basic,
          nicolae_concentric_dashed_squares_wild

Skill      XL: |  1 |
---------------+----+-----
Throwing       | 2 |  2.9
Fighting       | |  2.0
Short Blades   | |  1.7
Dodging        | |  0.8
Stealth        | |  3.6

Action                   || total
-------------------------++-------
Melee: Dagger            ||    36
       Tailslap          ||     2
Throw: Dart              ||    12
 Stab: Sleeping          ||     2
Armor: Robe              ||    15
Dodge: Dodged            ||    30

Table legend: (Time is in decaauts)
 A = Elapsed time spent in this place.
 B = Non-inter-level travel time spent in this place.
 C = Inter-level travel time spent in this place.
 D = Time resting spent in this place.
 E = Time spent auto-exploring this place.
 F = Levels seen in this place.
 G = Mean time per level.
                   A        B        C        D        E       F      G
               +--------+--------+--------+--------+--------+-----+--------+
         Total |    511 |    511 |      0 |      0 |    417 |   1 |  511.0 |
       Dungeon |    511 |    511 |      0 |      0 |    417 |   1 |  511.0 |
               +--------+--------+--------+--------+--------+-----+--------+

Top non-repeatable levels by time:
     D:1: 511 daAuts
